 Dungeon Crawl Stone Soup version 0.28.0-53-g5a82cb258f (webtiles) character file.

Game seed: 3212293282391342126

2800 DocClef the Fighter (level 9, -3/139 HPs)
             Began as a Green Draconian Fighter on June 15, 2022.
             Was a Believer of Okawaru.
             Slain by an unseen horror (5 damage)
             ... on level 7 of the Dungeon.
             The game lasted 00:07:28 (8971 turns).

DocClef the Fighter (Green Draconian Fighter)       Turns: 8971, Time: 00:07:29

Health: -3/139     AC:  9    Str: 24    XL:     9   Next: 44%
Magic:  9/9        EV: 13    Int:  8    God:    Okawaru [**....]
Gold:   306        SH:  4    Dex: 10    Spells: 8/8 levels left

rFire   . . .      SeeInvis .   a - +0 war axe
rCold   . . .      Faith    .   b - +0 buckler
rNeg    . . .      Spirit   .   (armour unavailable)
rPois   +          Reflect  .   (helmet restricted)
rElec   .          Harm     .   y - +0 cloak
rCorr   .          Rampage  .   o - +0 pair of gloves
Will    .....                   (no boots)
Stlth   ..........              (no amulet)
HPRegen 0.33/turn               (no ring)
MPRegen 0.11/turn               (no ring)

@: berserking, very quick
A: breathe noxious fumes, AC +7, unfitting armour, poison resistance,
cold-blooded
a: Breathe Noxious Fumes, Renounce Religion, Heroism


You were on level 7 of the Dungeon.
You worshipped Okawaru.
Okawaru was pleased with you.
You visited 2 branches of the dungeon, and saw 9 of its levels.

You collected 306 gold pieces.

Inventory:

Hand Weapons
 a - a +0 war axe (weapon)
Missiles
 r - 2 throwing nets (quivered)
Armour
 b - a +0 buckler (worn)
 o - a +0 pair of gloves (worn)
 y - a +0 cloak (worn)
Jewellery
 q - a ring of flight
 s - a ring of wizardry
Wands
 D - a wand of paralysis (8)
 E - a wand of digging (2)
Scrolls
 f - 2 scrolls of fear {unknown}
 h - a scroll of magic mapping {unknown}
 i - a scroll of blinking {unknown}
 k - 6 scrolls of identify {unknown}
 l - a scroll of silence {unknown}
 n - 2 scrolls of immolation {unknown}
 u - a scroll of torment {unknown}
 w - 2 scrolls of holy word {unknown}
 z - a scroll of acquirement {unknown}
 F - a scroll of enchant weapon {unknown}
 G - a scroll of fog {unknown}
 H - a scroll of amnesia {unknown}
Potions
 c - a potion of might
 d - a potion of magic
 e - a potion of curing
 j - a potion of invisibility {unknown}
 m - a potion of cancellation {unknown}
 p - 2 potions of heal wounds {unknown}
 t - 3 potions of attraction {unknown}
 v - 2 potions of mutation {unknown}
 x - a potion of flight {unknown}
 A - 2 potions of resistance {unknown}
 B - 2 potions of lignification {unknown}
 C - a potion of brilliance {unknown}


   Skills:
 - Level 13.0 Fighting
 - Level 2.0 Axes
 + Level 6.0 Dodging
 - Level 3.0 Shields


You had 8 spell levels left.
You didn't know any spells.
Your spell library contained the following spells:

 Spells                   Type           Power      Damage    Failure   Level
 Apportation              Tloc           0%         N/A       50%         1
 Sandblast                Erth           0%         2d4       50%         1
 Slow                     Hex            0%         N/A       50%         1
 Passwall                 Tmut/Erth      0%         N/A       65%         2
 Confusing Touch          Hex            0%         N/A       86%         3
 Portal Projectile        Hex/Tloc       0%         N/A       86%         3
 Stone Arrow              Conj/Erth      0%         3d7       86%         3
 Vampiric Draining        Necr           0%         2d6       86%         3
 Leda's Liquefaction      Hex/Erth       0%         N/A       99%         4
 Alistair's Intoxication  Tmut/Pois      0%         N/A       100%        5
 Lee's Rapid Deconstruct  Erth           0%         3d5*      100%        5
 Statue Form              Tmut/Erth      0%         N/A       100%        6
 Storm Form               Tmut/Air       0%         N/A       100%        7
 Maxwell's Capacitive Co  Air            0%         ∞         100%        8
 Call Canine Familiar     Summ           Unusable   N/A       N/A         3
 Summon Lightning Spire   Summ/Air       Unusable   N/A       N/A         4

Dungeon Overview and Level Annotations

Branches:
Dungeon (8/15)             Temple (1/1) D:5
   Lair: D:8-11

Altars:
Ashenzari
Dithmenos
Elyvilon
Fedhas
Gozag
Hepliaklqana
Kikubaaqudgha
Makhleb
Nemelex Xobeh
Okawaru
Qazlal
Ru
Uskayaw
Vehumet
Wu Jian
Xom
Zin
The Shining One

Annotations:
D:4 3 runed translucent doors, Sin92's ghost, amateur DsFi
D:7 1 runed translucent door, gobodom's ghost, weakling FeDe


Innate Abilities, Weirdness & Mutations

You can breathe blasts of noxious fumes.
Your lurid green scales are hard. (AC +7)
You cannot fit into any form of body armour.
Your system is resistant to poisons. (rPois)
You are cold-blooded and may be slowed by cold attacks.


Message History

* * * LOW HITPOINT WARNING * * *
Something completely misses you. Something hits you but does no damage.
You miss something. You block something's attack. Something hits you!
* * * LOW HITPOINT WARNING * * *
Something completely misses you. Something hits you!
* * * LOW HITPOINT WARNING * * *
You slash something! You block something's attack. Something hits you.
* * * LOW HITPOINT WARNING * * *
It was a potion of magic.
Magic courses through your body. Something hits you but does no damage.
It was a potion of curing.
You feel better. Something hits you but does no damage.
You closely miss something. Something hits you.
* * * LOW HITPOINT WARNING * * *
Aiming: Breathe Noxious Fumes (4% risk of failure)
Press: ? - help, Shift-Dir - straight line You exhale a blast of noxious fumes.
The blast of choking fumes hits something.
You hit something but do no damage. You block something's attack.
Something hits you.
* * * LOW HITPOINT WARNING * * *
Something hits you.
* * * LOW HITPOINT WARNING * * *
It was a potion of berserk rage.
A red film seems to cover your vision as you go berserk!
You feel yourself moving faster!
You feel mighty!
You closely miss something.
You have got your breath back.
Something hits you.
* * * LOW HITPOINT WARNING * * *
You closely miss something. You block something's attack.
You closely miss something. Something barely misses you.
Something hits you but does no damage. Something barely misses you.
You block something's attack.
You slice something!! Something hits you.
* * * LOW HITPOINT WARNING * * *
Something hits you.
You die...

#..####..#
#.......+ ..
#.......# ..
.#.####..# .. #.
#..## .# #..
#...# .#
#..####...+ .#
#.........####.#
##........@....#
#
####...########
# ##.#### #
#.....# #
##...#.### #
#......... #
######....#.#.#
# ............#
# #
#####.#..####.#
#. #


There were no monsters in sight!

Vanquished Creatures
  Pikel (D:7)
  Sigmund (D:4)
  A steam dragon (D:7)
  Duvessa (D:6)
  An orc warrior (D:6)
  An ice beast (D:5)
  A necrophage (D:3)
  2 ogres
  2 centaurs
  4 lemures (D:7)
  A phantom (D:7)
  3 bullfrogs (D:7)
  2 scorpions
  A wyvern skeleton (D:7)
  Dowan (D:6)
  A howler monkey (D:7)
  2 jellies (D:5)
  3 orc priests
  3 hounds
  A gnoll shaman (D:6)
  4 iguanas
  Jessica (D:2)
  6 orc wizards
  2 killer bee zombies
  A hound skeleton (D:2)
  3 adders
  12 gnolls
  A shadow imp (D:7)
  A white imp (D:7)
  An ufetubus (D:6)
  3 dart slugs
  17 orcs
  4 ball pythons
  3 bats
  7 endoplasms
  2 giant cockroaches
  10 goblins
  8 hobgoblins
  3 jackals (D:1)
  A quokka (D:5)
  4 frilled lizards
  8 kobolds
  5 rats (D:1)
140 creatures vanquished.

Vanquished Creatures (others)
  4 plants (D:1)
4 creatures vanquished.

Grand Total: 144 creatures vanquished

Notes
Turn   | Place    | Note
-------+----------+-------------------------------------------
     0 | D:1      | DocClef the Draconian Fighter began the quest for the Orb.
     0 | D:1      | Reached XP level 1. HP: 19/19 MP: 1/1
   153 | D:1      | Reached skill level 4 in Fighting
   153 | D:1      | Reached XP level 2. HP: 27/27 MP: 2/2
   155 | D:1      | Found a faded altar of an unknown god.
   817 | D:1      | Reached XP level 3. HP: 31/34 MP: 3/3
   835 | D:1      | Reached skill level 5 in Fighting
  1165 | D:2      | Noticed Jessica
  1171 | D:2      | Killed Jessica
  1172 | D:2      | Reached XP level 4. HP: 41/42 MP: 4/4
  2243 | D:3      | Reached skill level 6 in Fighting
  2250 | D:3      | Reached XP level 5. HP: 29/51 MP: 5/5
  2456 | D:3      | Noticed a necrophage
  2469 | D:3      | Killed a necrophage
  2470 | D:3      | Reached skill level 7 in Fighting
  2672 | D:3      | Reached XP level 6. HP: 18/60 MP: 6/6
  3267 | D:4      | Noticed Sigmund
  3385 | D:4      | Killed Sigmund
  3386 | D:4      | Reached skill level 8 in Fighting
  3577 | D:4      | Your scales start taking on a lurid green colour.
  3577 | D:4      | Reached XP level 7. HP: 62/69 MP: 7/7
  3577 | D:4      | Gained mutation: Your system is resistant to poisons.
                  | (rPois) [Green Draconian growth]
  3710 | D:4      | Found a broken altar of Ashenzari.
  3741 | D:4      | Noticed Sin92's ghost (amateur DsFi)
  3770 | D:4      | Found a runed translucent gate.
  3770 | D:4      | Found a runed translucent gate.
  3770 | D:4      | Found a runed translucent gate.
  3806 | D:4      | Reached skill level 9 in Fighting
  4711 | D:5      | Entered Level 5 of the Dungeon
  4727 | D:5      | Reached skill level 10 in Fighting
  5373 | D:5      | Reached XP level 8. HP: 62/81 MP: 8/8
  5543 | D:5      | Found a staircase to the Ecumenical Temple.
  5569 | Temple   | Entered the Ecumenical Temple
  5921 | Temple   | Became a worshipper of Warmaster Okawaru
  6220 | D:6      | Reached skill level 11 in Fighting
  6900 | D:6      | Found a hide-covered altar of Uskayaw.
  6919 | D:6      | Reached skill level 12 in Fighting
  7439 | D:6      | Noticed Dowan
  7439 | D:6      | Noticed Duvessa
  7450 | D:6      | Killed Duvessa
  7450 | D:6      | Reached * piety under Okawaru
  7467 | D:6      | Killed Dowan
  7849 | D:7      | Found a shimmering altar of Xom.
  8066 | D:7      | Reached skill level 13 in Fighting
  8072 | D:7      | Found a runed translucent door.
  8073 | D:7      | Noticed gobodom's ghost (weakling FeDe)
  8114 | D:7      | Reached XP level 9. HP: 90/93 MP: 9/9
  8197 | D:7      | Noticed Pikel
  8572 | D:7      | Killed Pikel
  8572 | D:7      | Reached ** piety under Okawaru
  8573 | D:7      | Reached skill level 5 in Dodging
  8685 | D:7      | Found a stormy altar of Qazlal.
  8871 | D:7      | Found a glowing golden altar of the Shining One.
  8954 | D:7      | HP: 4/93 [something (7)]
  8956 | D:7      | HP: 1/93 [something (3)]
  8965 | D:7      | HP: 4/93 [something (1)]
  8971 | D:7      | HP: 2/139 [something (3)]
  8971 | D:7      | Slain by an unseen horror

Illustrated notes

Levels and vault maps discovered:
D:1:      dpeg_arrival_rhombus, layout_rooms,
          dilly_ecumenical_altar_fadedgnrine, serial_forest,
          infiniplex_forest_side_room, infiniplex_forest_clump_tiny,
          infiniplex_forest_zigzag_1, infiniplex_forest_end_double,
          minmay_misc_feat_enclosed, dk_noncrumbling_2, roderic_lattice_a,
          chequers_serial_rivers_micro_b, minmay_hexomino_c4
D:2:      layout_basic, uniq_jessica
D:3:      layout_basic, roderic_nine_men_s_morris, grunt_ministairs_15,
          minivault_24
D:4:      layout_loops_corners, ashenzari_conservatory_becter,
          gammafunk_ghost_icy, serial_park_tiny_pond, uniq_sigmund
D:5:      layout_cave_pools, minmay_temple_entry_purple_smoke
D:6:      layout_loops_cross, nicolae_uskayaw_dance_hall, uniq_duvessa
D:7:      corexii_shack_village, layout_loops_corners,
          mainiacjoe_overflow_surrounded_room, old_standard_altar,
          tso_metal_star, hellmonk_ghost_happy_afterlife, uniq_pikel
D:8:      layout_basic, mainiacjoe_overflow_catwalk, lemuel_blue_sif_altar
Temple:   nicolae_temple_figure_eight

Skill      XL: |  1  2  3  4  5  6  7  8  9 |
---------------+----------------------------+-----
Fighting       | 4 5 6 7 8 10 13 | 13.0
Dodging        | 3 6 |  6.0
Axes           | |  2.0
Shields        | |  3.0

Action                   |  1- 3 |  4- 6 |  7- 9 || total
-------------------------+-------+-------+-------++-------
Melee: War axe           |    76 |   117 |   298 ||   491
       Tailslap          |     2 |    11 |    41 ||    54
 Abil: Breathe Noxious F |       |       |    13 ||    13
  Use: Potion            |       |       |     3 ||     3
 Stab: Sleeping          |     1 |       |       ||     1
       Confused          |       |       |     7 ||     7
Armor: Skin              |    30 |    34 |   145 ||   209
Dodge: Dodged            |    59 |    76 |   192 ||   327
Block: Buckler           |    17 |    19 |    93 ||   129
